cohdb
Replays
Latest Replays
All Replays
Popular Replays
Top Player Replays
Match Explorer
How It Works
Community
CoH3 Stats
Reddit
Sign in to upload your games and track your stats! →
Sign in with Steam
Match 45761792
Unlisted
Match 45761792
Overview
Messages
Build Orders
End
Pioneer Squad
Pioneer Squad
Pioneer Squad
Selects Mechanized Battlegroup
Construct Infanterie Kompanie
Grenadier Squad
Grenadier Squad
Construct Luftwaffe Kompanie
Medical Station
221 Scout Car
Selects Raid Package
221 Scout Car
Jäger Squad
Selects Mobile Repair Stations
Support Elements
Marder III M Tank Destroyer
MG 42 Machine Gun Team
Selects StuG Assault Group
StuG Assault Group
Construct Panzer Kompanie
Selects Wespe Self-propelled Artillery
Stoßtruppen Squad
Panzer Officer Quarters
Selects Mechanized Assault
Selects UNKNOWN (2160084)
Sturmpanzer IV Brummbär
Jäger Squad
Marder III M Tank Destroyer
Skeng.Tecnica.International
K̳itsuné
0
0
Comments
sign in to comment!
No comments posted yet!